 Dungeon Crawl Stone Soup version 0.26-a0-30-g56b8cd3df0 (webtiles) character file.

Game seed: 10489324536821779859, levelgen mode: deterministic

2455 Lanoc the Nimble (level 9, -8/57 HPs)
             Began as a Merfolk Venom Mage on May 29, 2020.
             Was a Follower of Cheibriados.
             Mangled by a two-headed ogre
             ... wielding a +0 giant club
              (27 damage)
             ... on level 8 of the Dungeon.
             The game lasted 00:19:08 (8234 turns).

Lanoc the Nimble (Merfolk Venom Mage)               Turns: 8234, Time: 00:19:10

Health: -8/57      AC:  2    Str: 11      XL:     9   Next: 50%
Magic:  1/12       EV: 18    Int: 21      God:    Cheibriados [*.....]
Gold:   427        SH:  0    Dex: 16 (17) Spells: 6/12 levels left

rFire    . . .     SeeInvis .   a - +0 spear
rCold    . . .     Gourm    .   (no shield)
rNeg     . . .     Faith    .   (no armour)
rPois    .         Spirit   .   (no helmet)
rElec    .         Reflect  .   u - +0 cloak
rCorr    .         Harm     .   b - +0 pair of gloves
MR       .....                  (no boots)
Stlth    ++........             o - amulet of regeneration
HPRegen  0.59/turn              (no ring)
MPRegen  0.13/turn              (no ring)

@: very slightly contaminated, drained, very slow
A: change form in water, swift swim, stealthy swim
a: Bend Time, Renounce Religion


You were on level 8 of the Dungeon.
You worshipped Cheibriados.
Cheibriados was aware of your devotion.
You were hungry.

You visited 2 branches of the dungeon, and saw 9 of its levels.

You collected 427 gold pieces.

Inventory:

Hand Weapons
 a - a +0 spear (weapon)
Missiles
 l - 2 throwing nets (quivered)
Armour
 b - a +0 pair of gloves (worn)
 r - a +0 buckler
 u - a +0 cloak (worn)
Jewellery
 o - an amulet of regeneration (around neck)
Wands
 j - a wand of polymorph (7)
 A - a wand of flame (42)
 C - a wand of iceblast (8)
 D - a wand of enslavement (11)
Scrolls
 d - a scroll of amnesia {unknown}
 f - 3 scrolls of teleportation {unknown}
 g - a scroll of enchant armour {unknown}
 i - 2 scrolls of enchant weapon {unknown}
 k - 7 scrolls of identify {unknown}
 p - 5 scrolls of remove curse {unknown}
 q - a scroll of noise {unknown}
 s - 2 scrolls of magic mapping {unknown}
 w - a scroll of blinking {unknown}
 x - a scroll of brand weapon {unknown}
 y - 2 scrolls of fog {unknown}
 F - a scroll of vulnerability {unknown}
Potions
 e - 3 potions of curing
 h - 2 potions of lignification
 m - a potion of heal wounds
 n - 2 potions of cancellation {unknown}
 t - a potion of brilliance
 v - 4 potions of flight
 z - 2 potions of mutation {unknown}
 B - a potion of degeneration {unknown}
 E - 2 potions of resistance {unknown}
Comestibles
 c - 10 rations
 G - 2 chunks of flesh


   Skills:
 + Level 9.8(9.0) Dodging
 - Level 2.1(1.5) Stealth
 - Level 2.0(1.3) Spellcasting
 + Level 9.5(8.7) Transmutations
 + Level 8.5(7.7) Poison Magic


You had 6 spell levels left.
You knew the following spells:

 Your Spells              Type           Power        Failure   Level  Hunger
a - Sting                 Tmut/Pois      ####         1%          1    ##.....
b - Poisonous Vapours     Pois/Air       ###...       4%          2    ###....
c - Ignite Poison         Fire/Tmut/Pois ###.....     4%          3    ####...

Your spell library contained the following spells:

 Spells                   Type           Power        Failure   Level  Hunger
 Olgreb's Toxic Radiance  Pois           ####....     6%          4    #####..
 Mephitic Cloud           Conj/Pois/Air  ##......     16%         3    ####...
 Petrify                  Tmut/Erth      ###.....     26%         4    #####..
 Confusing Touch          Hex            #.......     43%         3    ####...
 Gell's Gravitas          Tloc           #.........   43%         3    ####...
 Yara's Violent Unravell  Hex/Tmut       ###.......   58%         5    ######.
 Metabolic Englaciation   Hex/Ice        #.........   99%         5    ######.


Dungeon Overview and Level Annotations

Branches:
Dungeon (8/15)             Temple (1/1) D:6
   Lair: D:8-11

Altars:
Ashenzari
Cheibriados
Dithmenos
Elyvilon
Fedhas
Gozag
Hepliaklqana
Kikubaaqudgha
Makhleb
Nemelex Xobeh
Okawaru
Qazlal
Ru
Sif Muna
Trog
Uskayaw
Vehumet
Wu Jian
Xom
Yredelemnul
Zin
The Shining One

Annotations:
D:4 3 runed translucent doors, pickledwalnut's ghost, amateur MfGl
D:7 2 transporters, Menkaure


Message History

Aiming: Sting (safe; 1% risk of failure)
Press: ? - help, Shift-Dir - straight line, f/p - two-headed ogre
Aim: a two-headed ogre, wielding two +0 giant clubs (lightly wounded, poisoned)
The sting hits the two-headed ogre.
The two-headed ogre looks even sicker.
The two-headed ogre is moderately wounded.
The two-headed ogre completely misses you.
The two-headed ogre hits you with a +0 giant club!
Casting: Sting (safe; 1% risk of failure)
Confirm with . or Enter, or press ? or * to list all spells.
You miscast Ignite Poison.
You are very lightly contaminated with residual magic.
Nothing appears to happen.
The two-headed ogre completely misses you. x2
Casting: Ignite Poison (dangerous; 4% risk of failure)
Confirm with . or Enter, or press ? or * to list all spells.
You ignite the poison in your surroundings!
The two-headed ogre seems to burn from within!!
The two-headed ogre is severely wounded.
The two-headed ogre hits you with a +0 giant club!!
You die...

#..≈≈≈≈≈.. .O.≈≈♣≈≈.. #
..≈≈≈≈≈.. #....≈≈≈...
#.#.?....h♣ #........♣
##.#
####################..#
........##.....÷@O...##
#######.##.###########
#######.##.##
............#
#######.##..# #####
#.##..# .....##.##..#
............###########
#######
#...................#
#......


You could see a two-headed ogre.

Vanquished Creatures
  Pikel (D:4)
  Sigmund (D:5)
  Eustachio (D:5)
  A slave (D:5)
  A black bear (D:4)
  2 ice beasts (D:5)
  A bullfrog (D:7)
  A big kobold (D:7)
  4 killer bees (D:8)
  3 wights (D:8)
  3 electric eels (D:5)
  A howler monkey (D:8)
  2 crimson imps
  A quasit (D:8)
  A hound (D:7)
  A jelly (D:8)
  A centaur skeleton (D:7)
  4 orc priests
  2 iguanas
  Ijyb (D:5)
  Terence (D:3)
  3 worker ants
  3 orc wizards
  4 gnolls (D:5)
  A howler monkey skeleton (D:4)
  10 adders
  2 shadow imps
  An ooze (D:2)
  3 adder skeletons
  3 worms
  3 dart slugs (D:1)
  4 leopard geckos
  18 orcs
  A ball python (D:4)
  9 bats
  7 giant cockroaches
  7 goblins
  9 hobgoblins
  7 jackals
  11 kobolds
  7 quokkas
  5 frilled lizards
  A leopard gecko skeleton (D:5)
  A quokka zombie (D:5)
  10 rats
164 creatures vanquished.

Vanquished Creatures (others)
  A fungus (D:4)
  3 plants (D:4)
4 creatures vanquished.

Grand Total: 168 creatures vanquished

Notes
Turn   | Place    | Note
-------+----------+-------------------------------------------
     0 | D:1      | Lanoc the Merfolk Venom Mage began the quest for the Orb.
     0 | D:1      | Reached XP level 1. HP: 13/13 MP: 3/3
   104 | D:1      | Reached XP level 2. HP: 19/19 MP: 0/5
   568 | D:1      | Reached XP level 3. HP: 24/24 MP: 3/6
  1536 | D:2      | Reached XP level 4. HP: 30/30 MP: 3/7
  2272 | D:3      | Noticed Terence
  2303 | D:3      | Killed Terence
  2303 | D:3      | Reached XP level 5. HP: 28/35 MP: 1/8
  2691 | D:3      | Reached skill level 5 in Dodging
  2713 | D:3      | Learned a level 2 spell: Poisonous Vapours
  2717 | D:3      | Learned a level 3 spell: Ignite Poison
  2972 | D:3      | Reached XP level 6. HP: 41/41 MP: 0/9
  3642 | D:4      | Noticed a black bear
  3656 | D:4      | Killed a black bear
  3656 | D:4      | Reached skill level 5 in Transmutations
  3656 | D:4      | Reached skill level 5 in Poison Magic
  3821 | D:4      | Found a runed translucent gate.
  3821 | D:4      | Found a runed translucent gate.
  3821 | D:4      | Found a runed translucent gate.
  3831 | D:4      | Noticed pickledwalnut's ghost (amateur MfGl)
  4149 | D:4      | Found an opulent altar of Gozag.
  4304 | D:5      | Entered Level 5 of the Dungeon
  4307 | D:5      | Found a transporter.
  4330 | D:5      | Found a transporter.
  4382 | D:5      | Noticed Sigmund
  4392 | D:5      | Killed Sigmund
  4392 | D:5      | Reached XP level 7. HP: 46/46 MP: 4/10
  4790 | D:5      | Noticed Eustachio
  4798 | D:5      | Killed Eustachio
  4798 | D:5      | Reached XP level 8. HP: 52/52 MP: 0/11
  5001 | D:5      | Noticed Pikel
  5093 | D:4      | Killed Pikel
  5248 | D:5      | Noticed Ijyb
  5279 | D:5      | Killed Ijyb
  5737 | D:6      | Found a staircase to the Ecumenical Temple.
  5746 | Temple   | Entered the Ecumenical Temple
  5939 | Temple   | Became a worshipper of Cheibriados the Contemplative
  6249 | D:7      | Reached XP level 9. HP: 50/57 MP: 1/12
  6455 | D:7      | Found a blossoming altar of Fedhas.
  6457 | D:7      | Found an iron altar of Okawaru.
  6459 | D:7      | Found a sparkling altar of Nemelex Xobeh.
  6459 | D:7      | Found a stormy altar of Qazlal.
  6554 | D:7      | Found a shimmering blue altar of Sif Muna.
  6644 | D:7      | Found a basalt altar of Yredelemnul.
  6644 | D:7      | Noticed Menkaure
  6645 | D:7      | Found a transporter.
  6669 | D:7      | Found an ancient bone altar of Kikubaaqudgha.
  6672 | D:7      | Found a transporter.
  6917 | D:7      | Reached * piety under Cheibriados
  7501 | D:8      | Found a radiant altar of Vehumet.
  7554 | D:8      | HP: 2/57 [wight/+1 mace (10)]
  8201 | D:8      | Noticed a two-headed ogre
  8234 | D:8      | Mangled by a two-headed ogre

Illustrated notes

Levels and vault maps discovered:
D:1:      eino_arrival_cavern_e, layout_loops_ring,
          minmay_misc_feat_secret_circle
D:2:      minmay_recursive_quarters, layout_rooms
D:3:      minmay_skewed_foursquare, layout_rooms, hex_intersection, uniq_terence
D:4:      black_bear_nest_1, layout_cave_pods, grunt_gozag_breadcrumbs,
          gammafunk_ghost_nasty_kobolds, first_ration
D:5:      gammafunk_steamed_eel, layout_rooms, uniq_sigmund, uniq_ijyb,
          uniq_eustachio, uniq_pikel
D:6:      layout_rooms, lemuel_temple_firewalk_b, uniq_edmund,
          uniq_prince_ribbit1
D:7:      layout_basic, gammafunk_temple_of_torment, lemuel_round_altar,
          grunt_temple_overflow_open
D:8:      layout_loops_ring, vehumet_crystals, elyvilon_altar_3
Temple:   nicolae_temple_figure_eight

Skill      XL: |  1  2  3  4  5  6  7  8  9 |
---------------+----------------------------+-----
Dodging        | 3 4 5 6 7 8 9 |  9.8
Transmutations | 2 3 4 5 6 8 9 |  9.5
Poison Magic   | 4 5 6 7 8 |  8.5
Stealth        | |  2.1
Spellcasting   | |  2.0

Action                   |  1- 3 |  4- 6 |  7- 9 || total
-------------------------+-------+-------+-------++-------
Melee: Unarmed           |    35 |   106 |       ||   141
       Spear             |       |    11 |   236 ||   247
 Cast: Sting             |    62 |   128 |   133 ||   323
       Poisonous Vapours |       |     5 |    23 ||    28
       Ignite Poison     |       |       |    11 ||    11
Evoke: Wand              |       |       |     4 ||     4
  Use: Potion            |       |     3 |     3 ||     6
 Stab: Sleeping          |       |     2 |     1 ||     3
  Eat: Chunk             |     3 |     9 |     8 ||    20
       Ration            |       |     1 |     2 ||     3
Armor: Robe              |    11 |    27 |    17 ||    55
       Skin              |       |       |    29 ||    29
Dodge: Dodged            |    36 |   157 |   220 ||   413

Table legend:
 A = Non-vault XP
 B = Vault XP
 C = Vault XP percentage of total XP
 D = Non-vault monster count
 E = Vault monster count
 F = Vault count percentage of total count
                 A         B        C        D         E       F
            +---------+---------+-------+---------+---------+-------
      Total |    2074 |    1434 |  40.9 |     145 |      18 |  11.0
            +---------+---------+-------+---------+---------+-------
        D:1 |      52 |       0 |   0.0 |      28 |       0 |   0.0
        D:2 |      56 |      17 |  23.3 |      16 |       3 |  15.8
        D:3 |     153 |      62 |  28.8 |      31 |       7 |  18.4
        D:4 |      63 |     735 |  92.1 |      12 |       2 |  14.3
        D:5 |     446 |     620 |  58.2 |      18 |       6 |  25.0
        D:6 |      10 |       0 |   0.0 |       2 |       0 |   0.0
        D:7 |     467 |       0 |   0.0 |      16 |       0 |   0.0
        D:8 |     827 |       0 |   0.0 |      22 |       0 |   0.0
            +---------+---------+-------+---------+---------+-------
